 Dungeon Crawl Stone Soup version 0.32-a0-18-g89e19f1974 (webtiles) character file.

Game seed: 5389372335756787926

151 p00ps00p the Trooper (level 5, -5/47 HPs)
             Began as a Hill Orc Fighter on Jan 17, 2024.
             Slain by a gnoll
             ... wielding a +0 halberd
              (7 damage)
             ... on level 3 of the Dungeon.
             The game lasted 00:03:47 (2552 turns).

p00ps00p the Trooper (Hill Orc Fighter)             Turns: 2552, Time: 00:03:48

Health: -5/47      AC:  9    Str: 21    XL:     5   Next: 33%
Magic:  5/5        EV:  9    Int:  8    God:
Gold:   130        SH:  4    Dex: 10    Spells: 4/4 levels left

rFire   . . .        a - +0 war axe
rCold   . . .        c - +0 buckler
rNeg    . . .        b - +0 scale mail
rPois   .            (no helmet)
rElec   .            j - +0 cloak
rCorr   .            (no gloves)
SInv    .            n - +0 pair of boots
Will    .....        (no amulet) Stlth
                     (no ring)
HPRegen 0.27/turn    (no ring)
MPRegen 0.09/turn

%: no passive effects
@: no status effects
A: no striking features
a: no special abilities


You were on level 3 of the Dungeon.
You visited 1 branch of the dungeon, and saw 3 of its levels.

You collected 130 gold pieces.

Inventory:

Hand Weapons
 a - a +0 war axe (weapon)
Missiles
 e - 5 javelins
 f - a throwing net (quivered)
Armour
 b - a +0 scale mail (worn)
 c - a +0 buckler (worn)
 j - a +0 cloak (worn)
 n - a +0 pair of boots (worn)
Scrolls
 l - a scroll of fear
 r - a scroll of poison
Potions
 d - a potion of might
 g - 2 potions of brilliance
 h - a potion of heal wounds {unknown}
 i - a potion of lignification
 k - a potion of resistance {unknown}
 m - a potion of haste {unknown}
 q - a potion of mutation {unknown}


   Skills:
 + Level 4.7 Fighting
 + Level 4.2 Axes
 + Level 4.2 Armour
 + Level 4.2 Shields


You had 4 spell levels left.
You didn't know any spells.
Your spell library contained the following spells:

 Spells                   Type           Power      Damage    Failure   Level
 Mercury Vapours          Alch/Air       0%         N/A       91%         2
 Mephitic Cloud           Conj/Alch/Air  0%         N/A       99%         3
 Freezing Cloud           Conj/Ice/Air   0%         6-21      100%        5


Dungeon Overview and Level Annotations

Branches:
Dungeon (3/15)

Altars:


Message History

The slug dart hits you.
You hit the gnoll.
The gnoll is heavily wounded.
You hit the dart slug. The gnoll barely misses you. The dart slug bites you.
You hit the gnoll but do no damage.
The gnoll is heavily wounded.
You hit the gnoll. You hit the dart slug. The gnoll barely misses you.
The gnoll hits you with a +0 whip.
The gnoll hits you from afar with a +0 halberd!
You block the dart slug's attack.
The gnoll hits you from afar with a +0 halberd!
The gnoll hits you but does no damage. x2
You are too injured to fight recklessly!
Unknown command.
You are too injured to fight recklessly!
Unknown command.
You are too injured to fight recklessly!
Unknown command.
You are too injured to fight recklessly!
Unknown command.
You are too injured to fight recklessly!
You hit the gnoll.
You kill the gnoll!
You barely miss the gnoll. You hit the dart slug but do no damage.
The quokka bites you but does no damage.
The gnoll completely misses you. The gnoll hits you with a +0 flail.
You block the dart slug's attack.
You hit the quokka.
You kill the quokka!
You closely miss the gnoll. You hit the dart slug.
You block the gnoll's attack. The gnoll hits you with a +0 flail!
* * * LOW HITPOINT WARNING * * *
The dart slug barely misses you. The gnoll hits you but does no damage.
You block the gnoll's attack.
You see here a +0 whip.
The gnoll hits you but does no damage. The gnoll hits you with a +0 flail!
* * * LOW HITPOINT WARNING * * *
The dart slug bites you but does no damage.
The gnoll hits you with a +0 halberd!
You die...

#..#### #.# ##.............#
#.....# #.# #.###########.#
#.###.# #.# #.# #.# #.# #.#
#.# #+## #.#
#.###.###.###...## #.#
#.........##.....## #####.#
####..#####.......## #.....#
##...####g........###....###
#.......').@......+.........
##...####wg.......###....###
##..# ##.......## #.#.##
##.# ##.....## #.## #.#
##...## # ..# #+## .## .


You could see 2 gnolls and a dart slug.

Vanquished Creatures
  A sleepcap (D:3)
  A gnoll (D:3)
  6 adders
  2 dart slugs
  A ribbon worm (D:2)
  9 ball pythons
  3 endoplasms
  3 giant cockroaches
  2 goblins (D:2)
  5 hobgoblins
  3 jackals
  2 quokkas
  6 bats
  2 frilled lizards (D:2)
  6 kobolds
  4 rats
56 creatures vanquished.

Notes
Turn   | Place    | Note
-------+----------+-------------------------------------------
     0 | D:1      | p00ps00p the Hill Orc Fighter began the quest for the Orb.
     0 | D:1      | Reached XP level 1. HP: 19/19 MP: 1/1
   143 | D:1      | Reached XP level 2. HP: 27/27 MP: 2/2
  1152 | D:2      | Reached XP level 3. HP: 33/33 MP: 3/3
  1309 | D:2      | Reached XP level 4. HP: 19/40 MP: 4/4
  2285 | D:3      | Reached XP level 5. HP: 23/47 MP: 5/5
  2551 | D:3      | HP: 2/47 [gnoll/+0 flail (10)]
  2552 | D:3      | Slain by a gnoll

Illustrated notes

Levels and vault maps discovered:
D:1:      wander_arrival_peaceful_grave, layout_basic
D:2:      layout_basic, dk_noncrumbling_4, minmay_nonomino_d4
D:3:      layout_loops_corners, mainiacjoe_overflow_surrounded_room,
          nicolae_overflow_hidden_temple

Skill      XL: |  1  2  3  4 |
---------------+-------------+-----
Axes           | 3 4 |  4.2
Fighting       | 4 |  4.7
Armour         | 4 |  4.2
Shields        | 4 |  4.2

Action                     |  1- 3 |  4- 6 || total
---------------------------+-------+-------++-------
  Melee: War axe           |    95 |    70 ||   165
    Use: Scroll            |     4 |     4 ||     8
 Armour: Scale mail        |    70 |    64 ||   134
  Dodge: Dodged            |    61 |    31 ||    92
  Block: Buckler           |    27 |    17 ||    44

Table legend: (Time is in decaauts)
 A = Elapsed time spent in this place.
 B = Non-inter-level travel time spent in this place.
 C = Inter-level travel time spent in this place.
 D = Time resting spent in this place.
 E = Time spent auto-exploring this place.
 F = Levels seen in this place.
 G = Mean time per level.
                   A        B        C        D        E       F      G
               +--------+--------+--------+--------+--------+-----+--------+
         Total |   2611 |   2585 |     26 |    534 |   1631 |   3 |  870.3 |
       Dungeon |   2611 |   2585 |     26 |    534 |   1631 |   3 |  870.3 |
               +--------+--------+--------+--------+--------+-----+--------+

Top non-repeatable levels by time:
     D:1: 1157 daAuts
     D:2: 1115 daAuts
     D:3: 338 daAuts
